 Dungeon Crawl Stone Soup version 0.28.0-47-ge53b351184 (webtiles) character file.

Game seed: 11942523156898062062

1692 RatsInWalls the Poker (level 8, -5/64 HPs)
             Began as a Mummy Delver on May 10, 2022.
             Was an Initiate of Ashenzari.
             Slain by a wyvern zombie (7 damage)
             ... on level 6 of the Dungeon.
             The game lasted 00:22:55 (10070 turns).

RatsInWalls the Poker (Mummy Delver)               Turns: 10070, Time: 00:22:56

Health: -5/64      AC:  6    Str: 16    XL:     8   Next: 72%
Magic:  8/8        EV: 13    Int: 11    God:    Ashenzari [......]
Gold:   211        SH:  0    Dex: 13    Spells: 7/7 levels left

rFire   x . .      SeeInvis .   d - +0 halberd
rCold   + + .      Faith    .   (shield currently unavailable)
rNeg    + + +      Spirit   .   g - +3 leather armour {rC+}
rPois   ∞          Reflect  .   (no helmet)
rElec   .          Harm     .   (no cloak)
rCorr   .          Rampage  .   (no gloves)
Will    ++...                   (no boots)
Stlth   ++........              (no amulet)
HPRegen 0.20/turn               i - ring of willpower
MPRegen 0.11/turn               (no ring)

@: no status effects
A: cold resistance 1, negative energy resistance 3, torment resistance 2, heat
vulnerability 1, no potions
a: Renounce Religion


You were on level 6 of the Dungeon.
You worshipped Ashenzari.
Ashenzari was noncommittal.
You visited 1 branch of the dungeon, and saw 6 of its levels.

You collected 211 gold pieces.

Inventory:

Hand Weapons
 d - a +0 halberd (weapon)
Missiles
 b - 169 stones (quivered)
 m - 6 poisoned darts
Armour
 g - a +3 leather armour of cold resistance (worn)
Jewellery
 i - a ring of willpower (left hand)
Wands
 a - a wand of flame (16)
 f - a wand of digging (6)
 k - a wand of iceblast (14)
Scrolls
 c - 2 scrolls of fog
 e - a scroll of vulnerability
 h - a scroll of identify
 j - a scroll of immolation
 l - 4 scrolls of teleportation {unknown}
 n - a scroll of noise {unknown}


   Skills:
 + Level 5.9 Fighting
 * Level 5.9 Polearms
 + Level 4.0 Armour
 + Level 4.4 Dodging
 - Level 4.1 Stealth


You had 7 spell levels left.
You didn't know any spells.
Your spell library contained the following spells:

 Spells                   Type           Power      Damage    Failure   Level
 Animate Skeleton         Necr           0%         N/A       38%         1
 Pain                     Necr           0%         1d4       38%         1
 Call Canine Familiar     Summ           0%         N/A       77%         3
 Portal Projectile        Hex/Tloc       0%         N/A       77%         3
 Vampiric Draining        Necr           0%         2d6       77%         3
 Leda's Liquefaction      Hex/Erth       0%         N/A       99%         4


Dungeon Overview and Level Annotations

Branches:
Dungeon (6/15)             Temple (0/1) D:6

Altars:
Ashenzari
Nemelex Xobeh
Vehumet

Shops:
D:1 (   D:2 !

Annotations:
D:4 Edmund


Innate Abilities, Weirdness & Mutations

You are immune to poison.
Your flesh is cold resistant. (rC+)
You are immune to negative energy. (rN+++)
You are immune to unholy pain and torment.
You are vulnerable to heat. (rF-)
You do not drink.


Message History

The wyvern zombie is lightly damaged.
The wyvern zombie barely misses you.
You puncture the wyvern zombie!
The wyvern zombie is moderately damaged.
The wyvern zombie bites you! The wyvern zombie misses you.
You slash the wyvern zombie!
The wyvern zombie is severely damaged.
The wyvern zombie bites you!
You barely miss the wyvern zombie.
The wyvern zombie is severely damaged.
The wyvern zombie bites you but does no damage.
The wyvern zombie bites you.
You hit the wyvern zombie but do no damage.
The wyvern zombie is severely damaged.
The wyvern zombie bites you but does no damage.
You hit the wyvern zombie.
The wyvern zombie is severely damaged.
The wyvern zombie misses you. The wyvern zombie barely misses you.
You barely miss the wyvern zombie.
The wyvern zombie is severely damaged.
The wyvern zombie bites you! The wyvern zombie misses you.
You hit the wyvern zombie.
The wyvern zombie is almost destroyed.
The wyvern zombie bites you!
You barely miss the wyvern zombie.
The wyvern zombie is almost destroyed.
The wyvern zombie bites you!
* * * LOW HITPOINT WARNING * * *
The wyvern zombie barely misses you.
You puncture the wyvern zombie!
The wyvern zombie is almost destroyed.
The wyvern zombie bites you!
* * * LOW HITPOINT WARNING * * *
The wyvern zombie bites you!
* * * LOW HITPOINT WARNING * * *
Unknown command.
You hit the wyvern zombie but do no damage.
The wyvern zombie is almost destroyed.
The wyvern zombie bites you!
You die...

.........................>#
........####.......#....#.#
..####### #.....#.#..###.#
### #.....#....###.#
#.....#(##.....#
.....###.########
#..##.#.#.......# ##.
#.#....####.# #. #.#@#..#
#Z#..# #....# ........#.##
.....##.#... .... ........
... #.#...... .. #.. .... .
... #.#.


You could see a wyvern zombie.

Vanquished Creatures
  Grinder (D:5)
  2 sky beasts (D:6)
  A necrophage (D:5)
  A centaur (D:6)
  An ogre (D:4)
  2 kobold brigands (D:6)
  2 scorpions
  A water moccasin zombie (D:6)
  2 water moccasin skeletons (D:4)
  3 howler monkeys
  4 hounds
  3 jellies
  4 iguanas
  3 orc wizards
  4 adders
  7 gnolls
  A worm (D:4)
  A dart slug (D:1)
  8 orcs
  6 endoplasms
  3 giant cockroaches
  7 goblins
  6 hobgoblins
  3 jackals (D:1)
  6 quokkas
  9 ball pythons
  5 bats
  3 frilled lizards (D:1)
  12 kobolds
  4 rats (D:1)
115 creatures vanquished.

Vanquished Creatures (others)
  A plant (D:4)
1 creature vanquished.

Grand Total: 116 creatures vanquished

Notes
Turn   | Place    | Note
-------+----------+-------------------------------------------
     0 | D:5      | RatsInWalls the Mummy Delver began the quest for the Orb.
     0 | D:5      | Reached XP level 1. HP: 18/18 MP: 1/1
    56 | D:5      | Noticed a necrophage
   369 | D:1      | Found a faded altar of an unknown god.
   386 | D:1      | Reached XP level 2. HP: 24/24 MP: 2/2
   695 | D:1      | Found Cachitt's Weapon Shoppe.
   966 | D:1      | Reached XP level 3. HP: 29/29 MP: 3/3
   989 | D:1      | Reached skill level 1 in Armour
  1265 | D:2      | Found Wuhit's Distillery.
  2223 | D:2      | Reached XP level 4. HP: 35/35 MP: 4/4
  3260 | D:4      | Noticed a scorpion
  3293 | D:4      | Killed a scorpion
  3294 | D:4      | Reached XP level 5. HP: 8/42 MP: 5/5
  3818 | D:4      | Reached XP level 6. HP: 46/48 MP: 6/6
  5318 | D:4      | Reached XP level 7. HP: 42/55 MP: 7/7
  6467 | D:4      | Found a radiant altar of Vehumet.
  6468 | D:4      | Found a sparkling altar of Nemelex Xobeh.
  6926 | D:5      | Noticed Edmund
  6954 | D:5      | Noticed Grinder
  6965 | D:5      | Killed Grinder
  6966 | D:5      | Reached skill level 5 in Fighting
  7054 | D:5      | Reached XP level 8. HP: 62/62 MP: 8/8
  7477 | D:5      | Found a broken altar of Ashenzari.
  7480 | D:5      | Became a worshipper of Ashenzari the Shackled
  8160 | D:5      | Reached skill level 5 in Polearms
  9741 | D:6      | Identified the +4 morningstar of Joab {antimagic, +Blink
                  | Will++ SInv}
  9966 | D:6      | Found a staircase to the Ecumenical Temple.
 10069 | D:6      | HP: 1/64 [wyvern zombie (9)]
 10070 | D:6      | Slain by a wyvern zombie

Illustrated notes

Levels and vault maps discovered:
D:1:      matt_arrival_grand_opening, layout_rooms,
          ebering_ecumenical_altar_webs, serial_shops, nicolae_square_shop,
          chequers_jeans, serial_park_tiny_1, minmay_misc_feat_enclosed
D:2:      layout_loops_cross, serial_shops, shop, minmay_misc_feat_plants,
          hangedman_abyss_or_decor_stabs
D:3:      layout_loops_corners
D:4:      minmay_clustersquares, layout_gridville,
          gammafunk_temple_overflow_statue, grunt_decor_junction,
          nicolae_grassy_gnolls
D:5:      layout_loops_ring, ashenzari_conservatory_becter, uniq_blork_the_orc,
          uniq_grinder, uniq_edmund
D:6:      minmay_general_purpose_star, layout_basic,
          minmay_temple_entry_large_hall

Skill      XL: |  1  2  3  4  5  6  7  8 |
---------------+-------------------------+-----
Dodging        | 2 3 4 |  4.4
Armour         | 1 2 3 4 |  4.0
Polearms       | 2 3 4 5 |  5.9
Fighting       | 4 5 |  5.9
Stealth        | |  4.1

Action                   |  1- 3 |  4- 6 |  7- 9 || total
-------------------------+-------+-------+-------++-------
Melee: Spear             |   178 |   268 |    92 ||   538
       Punch             |       |     3 |       ||     3
       Halberd           |       |       |   219 ||   219
Throw: Stone             |     5 |     4 |    20 ||    29
       Dart              |       |       |     9 ||     9
  Use: Scroll            |     1 |       |     4 ||     5
 Stab: Sleeping          |    10 |     5 |     1 ||    16
Armor: Leather armour    |    44 |    60 |    71 ||   175
Dodge: Dodged            |    79 |   130 |   158 ||   367
